 Dungeon Crawl Stone Soup version 0.28-a0-1182-g381e24db82 (webtiles) character file.

Game seed: 9367947921219708634

679 bearlyready the Spear-Bearer (level 7, -2/50 HPs)
             Began as a Merfolk Gladiator on Dec 16, 2021.
             Was a Believer of Okawaru.
             Slain by a bullfrog skeleton (4 damage)
             ... on level 6 of the Dungeon.
             The game lasted 00:05:06 (4413 turns).

bearlyready the Spear-Bearer (Merfolk Gladiator)    Turns: 4413, Time: 00:05:07

Health: -2/50      AC:  4    Str: 17    XL:     7   Next: 60%
Magic:  9/9        EV: 13    Int:  7    God:    Okawaru [**....]
Gold:   204        SH:  0    Dex: 17    Spells: 6/6 levels left

rFire   . . .      SeeInvis .   t - +2 bardiche (flame)
rCold   . . .      Faith    +   (shield currently unavailable)
rNeg    + . .      Spirit   .   b - +0 leather armour
rPois   .          Reflect  .   c - +0 helmet
rElec   .          Harm     .   (no cloak)
rCorr   .          Rampage  .   (no gloves)
Will    .....                   (no boots)
Stlth   +.........              m - amulet of faith
HPRegen 0.16/turn               l - ring of positive energy
MPRegen 0.11/turn               (no ring)

@: invisible, unable to read
A: (nimble swimmer 2), mertail, agile 1, deterioration 1, inability to read
while threatened
a: Renounce Religion, Heroism


You were on level 6 of the Dungeon.
You worshipped Okawaru.
Okawaru was pleased with you.
You visited 1 branch of the dungeon, and saw 6 of its levels.

You collected 204 gold pieces.

Inventory:

Hand Weapons
 a - a +0 trident
 r - a +0 vorpal halberd
 t - a +2 bardiche of flaming (weapon)
Missiles
 d - a throwing net
 k - 3 atropa-tipped darts
 s - 40 poisoned darts (quivered)
Armour
 b - a +0 leather armour (worn)
 c - a +0 helmet (worn)
 o - a +0 tower shield
Jewellery
 l - a ring of positive energy (left hand)
 m - an amulet of faith (around neck)
Scrolls
 e - 3 scrolls of identify {unknown}
 g - 2 scrolls of teleportation {unknown}
 q - a scroll of noise {unknown}
 u - a scroll of blinking {unknown}
 v - a scroll of fear {unknown}
Potions
 f - a potion of haste
 i - a potion of cancellation
 j - a potion of magic {unknown}
 p - a potion of attraction {unknown}
 w - a potion of might {unknown}


   Skills:
 - Level 2.1 Fighting
 + Level 11.4 Polearms
 - Level 2.0 Throwing
 - Level 4.0 Dodging
 - Level 3.1 Invocations


You had 6 spell levels left.
You didn't know any spells.
Your spell library was empty.

Dungeon Overview and Level Annotations

Branches:
Dungeon (6/15)
 Temple: D:4-7

Altars:
Elyvilon
Okawaru
Uskayaw
Yredelemnul


Innate Abilities, Weirdness & Mutations

((You are quick and stealthy near water. (Stealth+, EV+, Speed+++)))
Your lower body shifts to a powerful aquatic tail in water.
You are agile. (Dex +2)
Your body sometimes deteriorates upon taking damage.
You sometimes lose the ability to read scrolls when taking damage.


Message History

An orc comes into view. It is wielding a +0 flail.
The orc shouts!
An orc priest comes into view. It is wielding a +0 dagger.
The orc throws a stone.
The stone barely misses you.
You reach to attack!
The orc priest shouts!
You hit the orc warrior but do no damage.
The orc warrior hits you with a +0 war axe!
The orc warrior throws a stone.
The stone hits you.
The orc warrior throws a stone.
The stone hits you!
The orc warrior throws a stone.
The stone hits you.
* * * LOW HITPOINT WARNING * * *
Items here: )))))) [ †††††.
The orc priest calls down the wrath of Beogh upon you.
Beogh smites you!
* * * LOW HITPOINT WARNING * * *
The orc warrior throws a stone.
The stone misses you.
It was a potion of cancellation.
You feel magically purged.
The orc warrior throws a stone.
The stone closely misses you.
The orc warrior throws a stone.
The stone hits you.
* * * LOW HITPOINT WARNING * * *
There is a stone staircase leading down here.
You climb downwards.
The white imp shouts, "Crawl home, thou cockered unchin-snouted lout!"
Found a stone staircase leading up.
There is a stone staircase leading up here.
It was a potion of mutation.
You feel extremely strange.
You lose the ability to read scrolls when threatened.
You feel yourself wasting away.
You feel agile. The bullfrog skeleton hits you.
* * * LOW HITPOINT WARNING * * *
The white imp gestures at you. The puff of frost misses you.
It was a potion of invisibility.
You fade into invisibility!
The bullfrog skeleton barely misses you.
The bullfrog skeleton barely misses you.
Found a dagger.
The bullfrog skeleton hits you.
You feel threatened and lose the ability to read scrolls!
You die...

.. .. #.#)# #.
. .... .#
.#.#.#.# #.
..........##
#.#.#.#.#.#..#
.............#
.#.#.#.#.#@#
........Z##
#.#.#.#.#.#
.........#####
#.##5.......#
#....<..###.+
..........#
.......<..#
####.#....#


You could see a white imp and a bullfrog skeleton.

Vanquished Creatures
  A sky beast (D:4)
  A phantom (D:3)
  2 scorpions
  A wight (D:3)
  A hound (D:4)
  2 jellies
  A gnoll shaman (D:5)
  Jessica (D:3)
  Robin (D:2)
  6 gnolls
  6 adders
  A white imp (D:4)
  An adder skeleton (D:4)
  3 dart slugs
  2 orcs
  4 ball pythons
  5 endoplasms
  2 giant cockroaches
  14 goblins
  8 hobgoblins
  3 quokkas
  2 bats (D:3)
  2 frilled lizards
  7 kobolds
  7 rats
84 creatures vanquished.

Notes
Turn   | Place    | Note
-------+----------+-------------------------------------------
     0 | D:1      | bearlyready the Merfolk Gladiator began the quest for the
                  | Orb.
     0 | D:1      | Reached XP level 1. HP: 16/16 MP: 1/1
    88 | D:1      | Reached skill level 5 in Polearms
   184 | D:1      | Reached XP level 2. HP: 22/22 MP: 2/2
   720 | D:2      | Found a faded altar of an unknown god.
  1063 | D:2      | Noticed Robin
  1074 | D:2      | Reached skill level 6 in Polearms
  1074 | D:2      | Reached XP level 3. HP: 10/27 MP: 3/3
  1551 | D:2      | Killed Robin
  1715 | D:2      | Reached skill level 7 in Polearms
  1715 | D:2      | Reached XP level 4. HP: 11/33 MP: 4/4
  2447 | D:3      | Found an iron altar of Okawaru.
  2450 | D:3      | Found a basalt altar of Yredelemnul.
  2455 | D:3      | Found a white marble altar of Elyvilon.
  2468 | D:3      | Became a worshipper of Warmaster Okawaru
  2525 | D:4      | Noticed a scorpion
  2734 | D:3      | Noticed Jessica
  2744 | D:3      | Killed Jessica
  2745 | D:3      | Reached skill level 8 in Polearms
  2745 | D:3      | Reached XP level 5. HP: 30/38 MP: 5/5
  2906 | D:3      | Noticed a phantom
  2917 | D:3      | Killed a phantom
  2918 | D:3      | Reached skill level 1 in Invocations
  3119 | D:3      | Reached * piety under Okawaru
  3120 | D:3      | Reached XP level 6. HP: 44/44 MP: 7/7
  3261 | D:4      | Reached skill level 9 in Polearms
  3461 | D:4      | Noticed a sky beast
  3469 | D:4      | Killed a sky beast
  3470 | D:4      | Reached skill level 10 in Polearms
  3470 | D:4      | Reached XP level 7. HP: 50/50 MP: 6/9
  3561 | D:4      | Found a hide-covered altar of Uskayaw.
  3936 | D:5      | Entered Level 5 of the Dungeon
  3940 | D:5      | Reached ** piety under Okawaru
  4071 | D:5      | Reached skill level 11 in Polearms
  4404 | D:5      | HP: 2/50 [orc warrior/stone (5)]
  4407 | D:6      | Gained mutation: You sometimes lose the ability to read
                  | scrolls when taking damage. [potion of mutation]
  4407 | D:6      | Gained mutation: Your body sometimes deteriorates upon
                  | taking damage. [potion of mutation]
  4407 | D:6      | Gained mutation: You are agile. (Dex +2) [potion of
                  | mutation]
  4413 | D:6      | Slain by a bullfrog skeleton

Illustrated notes

Levels and vault maps discovered:
D:1:      sevenhm_arrival_forest_fort_small_6, layout_basic
D:2:      layout_basic, shapermc_ecumenical_altar_mp_highgroup, uniq_robin
D:3:      layout_loops_ring, grunt_temple_overflow_diamond,
          minmay_misc_feat_cross, minmay_surrounded, uniq_jessica
D:4:      layout_rooms, mainiacjoe_overflow_concentric_impassable
D:5:      layout_basic, chequers_avenue
D:6:      layout_loops_ring, minmay_temple_entry_hall, serial_shops, shop_coins,
          amcnicky_mini_pool_small, minmay_holes, hex_large, uniq_pikel,
          uniq_edmund

Skill      XL: |  1  2  3  4  5  6  7 |
---------------+----------------------+-----
Polearms       | 5 6 7 8 10 11 | 11.4
Invocations    | 2 3 |  3.1
Fighting       | |  2.1
Throwing       | |  2.0
Dodging        | |  4.0

Action                   |  1- 3 |  4- 6 |  7- 9 || total
-------------------------+-------+-------+-------++-------
Melee: Trident           |   104 |    69 |       ||   173
       Bardiche          |       |    15 |    49 ||    64
       Halberd           |       |    13 |       ||    13
Throw: Throwing net      |     3 |     4 |       ||     7
       Dart              |       |     5 |     1 ||     6
Invok: Heroism           |       |     1 |     1 ||     2
  Use: Potion            |       |     1 |     3 ||     4
 Stab: Sleeping          |     1 |       |     1 ||     2
       Held in net/web   |     1 |     1 |       ||     2
Armor: Leather armour    |    22 |     9 |    12 ||    43
Dodge: Dodged            |    58 |    38 |    33 ||   129

Table legend: (Time is in decaauts)
 A = Elapsed time spent in this place.
 B = Non-inter-level travel time spent in this place.
 C = Inter-level travel time spent in this place.
 D = Time resting spent in this place.
 E = Time spent auto-exploring this place.
 F = Levels seen in this place.
 G = Mean time per level.
                   A        B        C        D        E       F      G
               +--------+--------+--------+--------+--------+-----+--------+
         Total |   4408 |   4316 |     92 |    567 |   3076 |   6 |  734.7 |
       Dungeon |   4408 |   4316 |     92 |    567 |   3076 |   6 |  734.7 |
               +--------+--------+--------+--------+--------+-----+--------+

Top non-repeatable levels by time:
     D:3: 1488 daAuts
     D:2: 1041 daAuts
     D:4: 734 daAuts
     D:1: 659 daAuts
     D:5: 478 daAuts
     D:6: 6 daAuts
